Map: Ley Lines

Players

BestNewbie

  • Race: Terran Terran
  • Spawn Location: 1:00

wootwoot - Winner!

  • Race: Protoss Protoss
  • Spawn Location: 7:00

VOD

Have the link to the VOD?

Description

Time

  • Played on: April 1, 2025, 1:35 p.m.
  • Length: 3:03
Show
View Real Time Build Order
Export as new Build Order

BestNewbie Terran 

Build Orders:  

Get SALT Encoding   

  12  0:00  SCV  
  13  0:13  SCV  
  14  0:25  SCV  
  15  0:29  Supply Depot  
  15  0:50  SCV  
  15  0:52  Barracks  
  15  0:54  Supply Depot  
  16  1:01  Refinery  
  16  1:11  SCV  
  17  1:12  Refinery  
  17  1:23  SCV  
  18  1:35  SCV  
  19  1:52  Orbital Command  
  19  1:59  Barracks  
  19  2:04  Barracks  
  19  2:26  Factory  
  19  2:29  Barracks Reactor  
Show
View Real Time Build Order
Export as new Build Order

wootwoot Protoss - Winner!

Build Orders:  

Get SALT Encoding   

  12  0:01  Probe  
  13  0:13  Probe  
  14  0:20  Pylon  
  14  0:26  Probe  
  15  0:38  Assimilator  
  15  0:40  Gateway  
  15  0:50  Pylon  
  15  1:08  Gateway  
  15  1:12  Gateway  
  15  1:27  Cybernetics Core  
  15  1:31  Probe  
  16  1:44  Probe  
  17  1:52  Stalker x2  
  21  2:20  Adept x2  
  25  2:27  Pylon  
  25  2:38  Probe  
  26  2:50  Probe  
Tags
 
Matchup
PvT
Replay Pack
B2M-Replays
Spawn Locations
Cross Positions
Add a new tag
Caveats
  • Supply blocks, unpowered buildings, or Contaminate may cause inaccurate times.
  • Supply counts are checked every 10 seconds.